[Event "Titled Tuesday Blitz April 26 Late 2022"]
[White "Rengifo Blancas, Renzo Jhonathan"]
[Black "Lashkin, Jegor"]
[WhiteFideId "3807185"]
[BlackFideId "13907808"]
[WhiteElo "2058"]
[BlackElo "2368"]
[Result "0-1"]
[Round "02"]
[TimeControl "180+1"]
[Date "2022.04.26"]
[WhiteClock "0:00:02"]
[BlackClock "0:01:17"]

1. e4 g6 2. d4 Bg7 3. Nc3 d6 4. f4 a6 5. Nf3 b5 6. Bd3 Nf6 7. e5 Nfd7 8. Qe2 Nb6 9. Be3 Bb7 10. O-O-O b4 11. Ne4 Bd5 12. Kb1 a5 13. c4 Nxc4 14. Nf6+ exf6 15. Bxc4 Bxc4 16. Qxc4 O-O 17. Rc1 fxe5 18. Qxc7 Qxc7 19. Rxc7 e4 20. Nd2 d5 21. Rhc1 Na6 22. R7c6 a4 23. Rd6 Rfd8 24. Rcc6 Rxd6 25. Rxd6 Nc7 26. Rb6 Bf8 27. Rc6 Ne6 28. g4 Bg7 29. Rd6 Rd8 30. Rxd8+ Nxd8 31. f5 Nc6 32. b3 a3 0-1


[Site "https://www.chess.com"]

[Event "Titled Tuesday Blitz April 26 Late 2022"]
[White "Richter, Nils"]
[Black "Romero Ruscalleda, Josep"]
[WhiteFideId "12990809"]
[BlackFideId "2231859"]
[WhiteElo "2243"]
[BlackElo "2314"]
[Result "1-0"]
[Round "02"]
[TimeControl "180+1"]
[Date "2022.04.26"]
[WhiteClock "0:01:07"]
[BlackClock "0:00:06"]

1. d4 g6 2. g3 Bg7 3. Bg2 d6 4. b3 Nd7 5. Bb2 c5 6. c4 cxd4 7. Bxd4 Ngf6 8. Nf3 O-O 9. O-O Qa5 10. Qd2 Qh5 11. Nc3 Nc5 12. Qg5 Bg4 13. Qxh5 Bxh5 14. Rac1 Nfe4 15. Bxg7 Kxg7 16. Nxe4 Nxe4 17. h3 Bxf3 18. Bxf3 Nd2 19. Rfe1 Nxf3+ 20. exf3 Rfe8 21. f4 Rac8 22. Rcd1 Rc5 23. Kg2 Kf8 24. a4 Rec8 25. Re3 a6 26. Rde1 R8c7 27. Re4 b5 28. cxb5 axb5 29. b4 Rc2 30. a5 Rb2 31. R1e2 Rcc2 32. Rxc2 Rxc2 33. Re3 Ra2 34. Rc3 Ra4 35. Rb3 Ke8 36. Rb2 Kd7 37. Kf3 e6 38. Ke4 Ra3 39. h4 d5+ 40. Ke5 Ke7 41. Rc2 f6+ 42. Kd4 Kd6 43. Rc3 e5+ 44. fxe5+ fxe5+ 45. Kd3 Ra2 46. Rc5 Rxf2 47. Rxb5 Rf3+ 48. Kc2 Rxg3 49. Kb2 d4 50. a6 Rg2+ 51. Kb3 Rg1 52. a7 Rb1+ 53. Kc2 Ra1 54. Ra5 d3+ 55. Kxd3 Rxa5 56. bxa5 1-0


[Site "https://www.chess.com"]

[Event "Titled Tuesday Blitz April 26 Late 2022"]
[White "Riehle, Marco"]
[Black "Moradiabadi, Elshan"]
[WhiteFideId "12904392"]
[BlackFideId "12501255"]
[WhiteElo "2566"]
[BlackElo "2839"]
[Result "1-0"]
[Round "02"]
[TimeControl "180+1"]
[Date "2022.04.26"]
[WhiteClock "0:01:08"]
[BlackClock "0:01:22"]

1. e4 d6 2. d4 Nf6 3. f3 e5 4. d5 c6 5. c4 Be7 6. Be3 Nh5 7. Qd2 h6 8. Ne2 Bg5 9. g3 Bxe3 10. Qxe3 Nd7 11. Nbc3 Qb6 12. Qd2 Nhf6 13. O-O-O cxd5 14. Nxd5 Nxd5 15. Qxd5 Ke7 16. Nc3 Nf6 17. Qd2 Be6 18. Kb1 Rhc8 19. Nd5+ Bxd5 20. cxd5 a5 21. Bd3 a4 22. Rc1 a3 23. Rxc8 Rxc8 24. Rc1 Rxc1+ 25. Qxc1 Nd7 26. b3 Qd4 27. Bc2 Nc5 28. Qxa3 Qg1+ 29. Kb2 Qxh2 30. b4 Nd7 31. Qa7 Qxg3 32. Qxb7 Qf2 33. a4 h5 34. a5 h4 35. a6 h3 36. a7 h2 37. a8=Q Qd4+ 38. Kb3 h1=Q 39. Qac8 Qxf3+ 40. Ka2 Qg4 41. Qbc7 Kf6 42. Qxd6+ Kg5 43. Qdxd7 Qf4 44. Qf5+ Qxf5 45. Qxf5+ Kh6 46. Qh3+ Kg6 47. Qb3 Kf6 48. b5 Qa7+ 49. Qa3 Qf2 50. Qd6+ 1-0


[Site "https://www.chess.com"]

[Event "Titled Tuesday Blitz April 26 Late 2022"]
[White "Romanchuk, Viktor"]
[Black "Rustemov, Alexander"]
[WhiteFideId "14109271"]
[BlackFideId "4119002"]
[WhiteElo "2242"]
[BlackElo "2855"]
[Result "0-1"]
[Round "02"]
[TimeControl "180+1"]
[Date "2022.04.26"]
[WhiteClock "0:00:25"]
[BlackClock "0:00:31"]

1. d4 d5 2. c4 dxc4 3. e3 Nf6 4. Bxc4 e6 5. Nf3 a6 6. O-O c5 7. dxc5 Qxd1 8. Rxd1 Bxc5 9. Be2 b6 10. Nbd2 Bb7 11. Nb3 Be7 12. Bd2 Ne4 13. Be1 Nd7 14. Nfd2 Nxd2 15. Bxd2 O-O-O 16. Rac1+ Kb8 17. Bc3 Bf6 18. Bxf6 Nxf6 19. f3 g5 20. Kf2 h5 21. Rxd8+ Rxd8 22. Rd1 Rh8 23. Rd4 h4 24. Nd2 Kc7 25. Nc4 Rf8 26. Ne5 b5 27. a3 Bc8 28. e4 Nd7 29. Nxd7 Bxd7 30. e5 f6 31. exf6 Rxf6 32. Ke3 e5 33. Rd2 Bc6 34. b4 Rf4 35. g3 Rf6 36. Rd1 Rh6 37. gxh4 Rxh4 38. Rg1 Rh5 39. Rg3 Kd6 40. Rg1 Bd5 41. Rg3 Ke6 42. Rg1 Kf6 43. Rg2 Rh3 44. Kf2 e4 45. fxe4 Bxe4 46. Rg3 Rxh2+ 47. Ke3 Bf5 48. Rf3 Ke5 49. Rg3 Kf6 50. Rf3 g4 51. Rf1 Kg5 52. Rc1 Rh3+ 53. Kf2 Rxa3 54. Rc6 g3+ 55. Kg1 Ra1+ 0-1


[Site "https://www.chess.com"]

[Event "Titled Tuesday Blitz April 26 Late 2022"]
[White "Rosen, Eric"]
[Black "Maghsoodloo, Parham"]
[WhiteFideId "2032562"]
[BlackFideId "12539929"]
[WhiteElo "2362"]
[BlackElo "2630"]
[Result "1-0"]
[Round "02"]
[TimeControl "180+1"]
[Date "2022.04.26"]
[WhiteClock "0:00:03"]
[BlackClock "0:00:04"]

1. d4 Nf6 2. Bf4 d5 3. e3 c5 4. Nf3 Nc6 5. Nbd2 Nh5 6. dxc5 Nxf4 7. exf4 g6 8. c3 Bh6 9. g3 O-O 10. Bg2 a5 11. O-O Bg7 12. Qe2 a4 13. Qe3 d4 14. cxd4 Nxd4 15. Nxd4 Qxd4 16. Rab1 Bf5 17. Qxd4 Bxd4 18. Be4 Bxc5 19. Bxf5 gxf5 20. Nc4 b5 21. Ne5 Rfc8 22. Rfd1 f6 23. Nd7 Ba7 24. Rd2 Rc7 25. Rbd1 Rac8 26. b4 axb3 27. axb3 b4 28. Ra2 Kf7 29. Ra6 Rb7 30. Kg2 Rcc7 31. Nxf6 exf6 32. Rdd6 Rb5 33. Rxf6+ Kg7 34. h4 Rc2 35. h5 Rb7 36. h6+ Kg8 37. Rae6 Rb8 38. Re7 Bxf2 39. Kh3 Bd4 40. Rxf5 Rc3 41. Rg5+ Kh8 42. Rd5 Bf6 43. Rf7 Rc6 44. Rdd7 Kg8 45. Rxh7 Bh8 46. g4 Rf8 47. f5 Rc3+ 48. Kh4 Rxb3 49. Kg5 Rg3 50. Kf4 Rg1 51. Rb7 b3 52. Rhd7 b2 53. h7# 1-0


[Site "https://www.chess.com"]

[Event "Titled Tuesday Blitz April 26 Late 2022"]
[White "Rozman, Levy"]
[Black "Nakamura, Hikaru"]
[WhiteFideId "2039877"]
[BlackFideId "2016192"]
[WhiteElo "2376"]
[BlackElo "2850"]
[Result "0-1"]
[Round "02"]
[TimeControl "180+1"]
[Date "2022.04.26"]
[WhiteClock "0:00:28"]
[BlackClock "0:01:44"]

1. d4 Nf6 2. Bg5 c5 3. d5 d6 4. Nc3 g6 5. e4 Bg7 6. Qd2 Qa5 7. Bb5+ Nbd7 8. Nge2 a6 9. Bxd7+ Bxd7 10. O-O h6 11. Bf4 b5 12. a3 Qc7 13. Qe3 g5 14. Bg3 Nh5 15. f4 gxf4 16. Bxf4 Nxf4 17. Qxf4 Bf6 18. Ng3 O-O-O 19. Nh5 Bd4+ 20. Kh1 f6 21. Nd1 Rdg8 22. c3 Be5 23. Qf2 Rg4 24. Qe2 Rh4 25. h3 Bg4 26. Qxg4+ Rxg4 27. hxg4 Rg8 28. Ne3 Qd7 29. Rf5 Kb7 30. a4 bxa4 31. Nf4 Qb5 0-1


[Site "https://www.chess.com"]

[Event "Titled Tuesday Blitz April 26 Late 2022"]
[White "Sanal, Vahap"]
[Black "Yedidia, Daniel"]
[WhiteFideId "6300545"]
[BlackFideId "30905907"]
[WhiteElo "2603"]
[BlackElo "2600"]
[Result "1-0"]
[Round "02"]
[TimeControl "180+1"]
[Date "2022.04.26"]
[WhiteClock "0:01:20"]
[BlackClock "0:00:07"]

1. Nf3 Nf6 2. g3 b6 3. Bg2 Bb7 4. O-O c5 5. c4 e6 6. b3 Be7 7. Bb2 O-O 8. Nc3 Qc8 9. d4 cxd4 10. Nxd4 Bxg2 11. Kxg2 Qb7+ 12. f3 d5 13. cxd5 Nxd5 14. Nxd5 Qxd5 15. Rc1 Na6 16. Nc6 Bc5 17. Qxd5 exd5 18. Rfd1 Rfe8 19. Kf1 Re6 20. Nd4 Bxd4 21. Rxd4 Rae8 22. Rc2 h6 23. Ra4 b5 24. Ra5 Nb4 25. Rd2 a6 26. a3 Nc6 27. Rxa6 Ne7 28. Rxe6 fxe6 29. Rc2 Nf5 30. Kf2 d4 31. Rc5 e5 32. Rxb5 Ne3 33. Bc1 Nd1+ 34. Ke1 Nc3 35. Rb7 e4 36. f4 Rd8 37. Bb2 Nxe2 38. Kxe2 d3+ 39. Kd1 e3 40. Re7 e2+ 41. Kd2 Kf8 42. Re4 Re8 43. Rxe8+ Kxe8 44. Bc3 1-0


[Site "https://www.chess.com"]

[Event "Titled Tuesday Blitz April 26 Late 2022"]
[White "Sarana, Alexey"]
[Black "Djokic, Mihailo"]
[WhiteFideId "24133795"]
[BlackFideId "976440"]
[WhiteElo "2666"]
[BlackElo "2202"]
[Result "1-0"]
[Round "02"]
[TimeControl "180+1"]
[Date "2022.04.26"]
[WhiteClock "0:02:03"]
[BlackClock "0:01:11"]

1. d4 Nf6 2. c4 g6 3. Nc3 Bg7 4. e4 d6 5. Be2 O-O 6. Be3 Na6 7. g4 e5 8. d5 Nc5 9. f3 a5 10. h4 c6 11. Qd2 a4 12. Nh3 cxd5 13. cxd5 Qa5 14. Nb5 Rd8 15. Nf2 h5 16. g5 Ne8 17. Rc1 b6 18. Nd3 Ba6 19. Qxa5 bxa5 20. Nxc5 dxc5 21. Nc3 a3 22. bxa3 Bf8 23. Bxa6 Rxa6 24. Ke2 Rb8 25. Rb1 Rab6 26. Rxb6 Rxb6 27. Rb1 Rxb1 28. Nxb1 c4 29. a4 Nc7 30. Nd2 c3 31. Nc4 Bb4 32. Nxe5 Na6 33. Nd3 Ba3 34. Kd1 Bd6 35. Kc2 Bg3 36. Bf2 Nb4+ 37. Kxc3 Nxa2+ 38. Kc4 Bxf2 39. Nxf2 Nb4 40. Kb5 Nc2 41. Kxa5 Nd4 42. Kb6 Nxf3 43. a5 Nxh4 44. a6 Nf3 45. a7 Nxg5 46. a8=Q+ 1-0


[Site "https://www.chess.com"]

[Event "Titled Tuesday Blitz April 26 Late 2022"]
[White "Sarkar, Justin"]
[Black "Fishbein, Alexander"]
[WhiteFideId "2010011"]
[BlackFideId "2000377"]
[WhiteElo "2038"]
[BlackElo "2442"]
[Result "1/2-1/2"]
[Round "02"]
[TimeControl "180+1"]
[Date "2022.04.26"]
[WhiteClock "0:00:06"]
[BlackClock "0:00:12"]

1. d4 Nf6 2. c4 c5 3. d5 b5 4. cxb5 a6 5. bxa6 g6 6. Nc3 Bxa6 7. e4 Bxf1 8. Kxf1 d6 9. g4 Bg7 10. Kg2 h5 11. g5 Nfd7 12. f4 Nb6 13. Nf3 Qd7 14. h3 Na4 15. Qc2 Nxc3 16. bxc3 Qa4 17. Qd3 Nd7 18. Bd2 O-O 19. Rab1 Qxa2 20. Rb7 c4 21. Qe3 Nc5 22. Rxe7 Rfe8 23. Rxe8+ Rxe8 24. e5 Qa8 25. Qd4 Nd7 26. Qxc4 dxe5 27. Qc6 Qxc6 28. dxc6 Nb8 29. c7 Na6 30. Nxe5 Nxc7 31. Re1 Nd5 32. Nf3 Rc8 33. Rc1 Bxc3 34. Bxc3 Rxc3 35. Rxc3 Nxc3 36. Ne5 Nd5 37. Kf3 Kg7 38. Ke4 Ne7 39. Nf3 Nf5 40. Ne5 Nd6+ 41. Kf3 Nf5 42. Ke4 Nd6+ 43. Kf3 Nf5 44. Ke4 1/2-1/2


[Site "https://www.chess.com"]

[Event "Titled Tuesday Blitz April 26 Late 2022"]
[White "Semenenko, Dmytry"]
[Black "Yuan, Qingyu"]
[WhiteFideId "14118645"]
[BlackFideId "8609772"]
[WhiteElo "2113"]
[BlackElo "2359"]
[Result "0-1"]
[Round "02"]
[TimeControl "180+1"]
[Date "2022.04.26"]
[WhiteClock "0:00:15"]
[BlackClock "0:00:14"]

1. Nf3 d5 2. c4 e6 3. d4 Nf6 4. Nc3 a6 5. e3 Nbd7 6. Bd3 dxc4 7. Bxc4 b5 8. Bd3 c5 9. O-O Bb7 10. Qe2 Bd6 11. Rd1 Qc7 12. dxc5 Bxc5 13. e4 O-O 14. Be3 Qb6 15. Bxc5 Nxc5 16. e5 Bxf3 17. Qxf3 Nfd7 18. Qe3 Nxd3 19. Rxd3 Qxe3 20. Rxe3 Rad8 21. Rd1 Nc5 22. Ree1 b4 23. Ne2 Nd3 24. Rf1 Nxb2 25. Rb1 Rd2 26. Nc1 Rfd8 27. Nb3 Re2 28. f4 g6 29. Rf2 Rxf2 30. Kxf2 Nd1+ 31. Kf3 Nc3 32. Rb2 Rd3+ 33. Kg4 h5+ 34. Kh4 Kg7 35. Nc5 Rd4 36. Nxa6 Rxf4+ 37. Kg3 Rg4+ 38. Kf3 Nd5 39. g3 Rc4 40. Re2 g5 41. Nb8 Kg6 42. Nd7 Rc3+ 43. Kf2 Kf5 44. Rb2 Rc7 45. Nf6 Nxf6 46. exf6 Rc4 47. Rd2 Kxf6 48. Ke3 Rc3+ 49. Kd4 Rc8 50. Rb2 Rb8 51. Kc4 e5 52. Rf2+ Ke6 53. Rb2 f5 54. a3 Rc8+ 55. Kd3 bxa3 56. Rb6+ Kd5 57. Rb5+ Rc5 58. Rb6 Ra5 59. Rb1 a2 60. Ra1 e4+ 61. Ke3 Ke5 62. Kd2 Ra3 63. Kc2 Ra8 64. Kb2 e3 65. h3 f4 66. g4 hxg4 67. hxg4 Ke4 68. Rc1 a1=Q+ 69. Rxa1 Rxa1 70. Kxa1 e2 0-1


[Site "https://www.chess.com"]

[Event "Titled Tuesday Blitz April 26 Late 2022"]
[White "Sernecki, Franciszek"]
[Black "Rasulov, Vugar"]
[WhiteFideId "1169297"]
[BlackFideId "13402390"]
[WhiteElo "2165"]
[BlackElo "2560"]
[Result "1-0"]
[Round "02"]
[TimeControl "180+1"]
[Date "2022.04.26"]
[WhiteClock "0:00:05"]
[BlackClock "0:00:18"]

1. d4 Nf6 2. c4 e6 3. Nf3 d5 4. Nc3 Bb4 5. Qb3 a5 6. a3 Bxc3+ 7. Qxc3 a4 8. Bg5 Nbd7 9. e3 c6 10. Bd3 h6 11. Bh4 Qa5 12. O-O O-O 13. Bg3 Re8 14. Rac1 dxc4 15. Qxc4 Qb6 16. Qc2 Ra5 17. Nd2 Qd8 18. Nc4 Ra7 19. Rfd1 Nh5 20. Bd6 Ra8 21. Bb4 Qg5 22. Nd6 Rf8 23. Ne4 Qd8 24. Bxf8 Nxf8 25. Nc3 Qa5 26. Qe2 Nf6 27. Bc2 e5 28. Bxa4 Bg4 29. f3 Be6 30. b4 Qc7 31. d5 Bxd5 32. Nxd5 Nxd5 33. Bxc6 Nf6 34. Be4 Qb6 35. Rc3 Ne6 36. Rdc1 g6 37. Rc8+ Rxc8 38. Rxc8+ Kg7 39. Rc3 h5 40. h3 h4 41. Qd3 Nf4 42. Qd2 N4h5 43. Bc2 Ng3 44. Bb3 e4 45. f4 Nf5 46. Rc2 Nxe3 47. Rc5 Nf5 48. Qf2 e3 49. Qe2 Ne4 50. Qc4 Nxc5 51. Qxf7+ Kh6 52. Qf8+ Kh7 53. Bg8+ Kh8 54. Bf7+ Kh7 55. Qg8+ Kh6 56. Qh8# 1-0


[Site "https://www.chess.com"]

[Event "Titled Tuesday Blitz April 26 Late 2022"]
[White "Sevian, Samuel"]
[Black "Talibov, Shiroghlan"]
[WhiteFideId "2040506"]
[BlackFideId "13429078"]
[WhiteElo "2698"]
[BlackElo "2042"]
[Result "1-0"]
[Round "02"]
[TimeControl "180+1"]
[Date "2022.04.26"]
[WhiteClock "0:02:19"]
[BlackClock "0:00:21"]

1. b3 g6 2. Bb2 Nf6 3. e4 d6 4. Nf3 Bg7 5. Qc1 O-O 6. Nc3 e5 7. Be2 c5 8. O-O Nc6 9. h3 Nh5 10. Re1 Nf4 11. Nd5 Nxd5 12. exd5 Ne7 13. c4 Nf5 14. d3 Nh4 15. a3 Nxf3+ 16. Bxf3 Qf6 17. Qd1 b6 18. b4 Qh4 19. Bc3 f5 20. Qa4 Qe7 21. bxc5 bxc5 22. Rab1 g5 23. Qc6 Bd7 24. Rb7 Rfd8 25. Ba5 Bf8 26. Bxd8 Rxd8 27. Qa6 h5 28. Bxh5 Qh7 29. Qxa7 1-0


[Site "https://www.chess.com"]

[Event "Titled Tuesday Blitz April 26 Late 2022"]
[White "Shimanov, Aleksandr"]
[Black "Martinez Reyes, Pedro Ramon"]
[WhiteFideId "4198603"]
[BlackFideId "3901807"]
[WhiteElo "2636"]
[BlackElo "2410"]
[Result "1/2-1/2"]
[Round "02"]
[TimeControl "180+1"]
[Date "2022.04.26"]
[WhiteClock "0:00:06"]
[BlackClock "0:00:08"]

1. d4 b5 2. Nf3 Bb7 3. Bg5 h6 4. Bh4 Nf6 5. Bxf6 exf6 6. e3 a6 7. Bd3 d6 8. O-O Nd7 9. a4 b4 10. a5 Be7 11. Nbd2 O-O 12. c3 d5 13. Qa4 c5 14. cxb4 c4 15. Bf5 Nb8 16. b5 g6 17. Bh3 axb5 18. Qxb5 Ba6 19. Qa4 c3 20. bxc3 Bxf1 21. Kxf1 Qc7 22. c4 Nc6 23. Qb5 Rxa5 24. Rxa5 Nxa5 25. cxd5 Rb8 26. Qd3 Qc1+ 27. Ke2 Bb4 28. Qb1 Qc3 29. g3 Nc4 30. Ne4 Qa3 31. Nxf6+ Kg7 32. Nd7 Rb7 33. Nde5 Nxe5 34. Nxe5 Qa6+ 35. Qd3 Qa2+ 36. Kf3 Qxd5+ 37. Qe4 Qb5 38. Kg2 Re7 39. Qf3 Bd6 40. Nc6 Rc7 41. d5 Qb1 42. e4 Qb2 43. Qe3 Be5 44. Bg4 Rb7 45. Be2 Rb3 46. Bd3 Bd4 47. Qxd4+ Qxd4 48. Nxd4 Rxd3 49. Nc6 Kf6 50. f4 g5 51. e5+ Kf5 52. Ne7+ Ke4 53. d6 g4 54. Ng8 Ke3 55. Nf6 Rd2+ 56. Kf1 Rd1+ 57. Kg2 Rd2+ 58. Kf1 Rd1+ 59. Kg2 Rd2+ 1/2-1/2


[Site "https://www.chess.com"]

[Event "Titled Tuesday Blitz April 26 Late 2022"]
[White "Sjugirov, Sanan"]
[Black "Hnydiuk, Aleksander"]
[WhiteFideId "4189302"]
[BlackFideId "1109057"]
[WhiteElo "2602"]
[BlackElo "2374"]
[Result "1-0"]
[Round "02"]
[TimeControl "180+1"]
[Date "2022.04.26"]
[WhiteClock "0:00:03"]
[BlackClock "0:00:05"]

1. d4 Nf6 2. Nf3 d5 3. Bf4 c5 4. e3 Qb6 5. Nc3 a6 6. Na4 Qa5+ 7. c3 cxd4 8. exd4 Nc6 9. Bd3 Bg4 10. Be2 e6 11. O-O Be7 12. b4 Qd8 13. Nc5 Bxf3 14. Bxf3 b6 15. Nd3 O-O 16. a4 Ne4 17. Qb3 Bd6 18. Bxd6 Qxd6 19. Ra2 Rfc8 20. Re1 Ng5 21. Be2 Ra7 22. Bf1 Rac7 23. f3 Ne7 24. Rc1 Nf5 25. Qb2 Ne3 26. Qd2 Nxf1 27. Kxf1 h6 28. Kg1 f6 29. a5 e5 30. axb6 Qxb6 31. Nc5 Ra7 32. Rca1 Rca8 33. Qe2 a5 34. Na4 Qc7 35. b5 Rb7 36. Nc5 Rb6 37. Rxa5 Rxa5 38. Rxa5 e4 39. h4 exf3 40. Ra8+ Kh7 41. Qd3+ Ne4 42. Nxe4 dxe4 43. Qxe4+ g6 44. Qe8 f2+ 45. Kf1 Qc4+ 46. Kxf2 1-0


[Site "https://www.chess.com"]

[Event "Titled Tuesday Blitz April 26 Late 2022"]
[White "Sliwicka, Alicja"]
[Black "Pichot, Alan"]
[WhiteFideId "1150677"]
[BlackFideId "110973"]
[WhiteElo "2120"]
[BlackElo "2579"]
[Result "0-1"]
[Round "02"]
[TimeControl "180+1"]
[Date "2022.04.26"]
[WhiteClock "0:00:24"]
[BlackClock "0:01:16"]

1. e4 c5 2. Nf3 d6 3. d4 cxd4 4. Nxd4 Nf6 5. Nc3 a6 6. Nb3 g6 7. Be2 Bg7 8. g4 h5 9. g5 Nfd7 10. Be3 Nc6 11. f4 b5 12. Qd2 Bb7 13. a4 b4 14. Nd5 a5 15. Bb5 e6 16. Nd4 Rc8 17. Nf6+ Nxf6 18. gxf6 Bxf6 19. O-O-O O-O 20. f5 Nxd4 21. Bxd4 e5 22. Be3 Bxe4 23. Bd3 Bxh1 24. Rxh1 d5 25. fxg6 e4 26. Be2 b3 27. c3 d4 28. Bh6 dxc3 29. Qf4 Qd2+ 30. Qxd2 cxd2+ 31. Kxd2 Rfd8+ 32. Ke3 fxg6 33. Rg1 Kh7 0-1


[Site "https://www.chess.com"]

[Event "Titled Tuesday Blitz April 26 Late 2022"]
[White "Sovetbekova, Nurai"]
[Black "Fiol, Fabrice"]
[WhiteFideId "13801910"]
[BlackFideId "611670"]
[WhiteElo "1538"]
[BlackElo "2472"]
[Result "1-0"]
[Round "02"]
[TimeControl "180+1"]
[Date "2022.04.26"]
[WhiteClock "0:00:02"]
[BlackClock "0:00:02"]

1. d4 Nf6 2. c4 e6 3. g3 Bb4+ 4. Nd2 O-O 5. Bg2 d5 6. Nf3 c5 7. O-O cxd4 8. Nxd4 Nc6 9. Nxc6 bxc6 10. a3 Be7 11. b4 a5 12. b5 cxb5 13. cxb5 Bd7 14. a4 Rc8 15. Bb2 Re8 16. Nb3 Bb4 17. Qd3 e5 18. Rac1 d4 19. e3 dxe3 20. Qxe3 Rxc1 21. Rxc1 Be6 22. Nc5 Bd5 23. Rd1 Qb6 24. Nd7 Nxd7 25. Bxd5 Bc5 26. Qf3 Nf6 27. Bc6 Re6 28. Bc3 h6 29. Kg2 e4 30. Qe2 e3 31. f4 Bb4 32. Be5 Ne4 33. Bxe4 f6 34. Bd5 fxe5 35. fxe5 Kh8 36. Bxe6 Qxe6 37. Qxe3 Qe7 38. Qe4 Bc5 39. e6 g5 40. Rf1 Qd6 41. Kh1 h5 42. Qe2 Qd5+ 43. Qg2 Qxe6 44. Qf3 1-0


[Site "https://www.chess.com"]

[Event "Titled Tuesday Blitz April 26 Late 2022"]
[White "Stanisz, Patryk"]
[Black "Bordi, Kevin"]
[WhiteFideId "1123106"]
[BlackFideId "621862"]
[WhiteElo "1833"]
[BlackElo "2762"]
[Result "1-0"]
[Round "02"]
[TimeControl "180+1"]
[Date "2022.04.26"]
[WhiteClock "0:00:47"]
[BlackClock "0:01:30"]

1. d4 d5 2. c4 c6 3. Nf3 Nf6 4. Nc3 e6 5. e3 Nbd7 6. Qc2 Bd6 7. g4 Nxg4 8. Rg1 f5 9. h3 Ngf6 10. cxd5 cxd5 11. Rxg7 Ne4 12. Bd2 Qf6 13. Rg1 Nf8 14. Nb5 Bd7 15. Nxd6+ Nxd6 16. Ne5 Rc8 17. Qb3 Ng6 18. Nxd7 Kxd7 19. Bb4 Nc4 20. Qa4+ Rc6 21. Qxa7 Rhc8 22. b3 Nd6 23. Bxd6 Kxd6 24. Qxb7 R6c7 25. Qb4+ Kd7 26. Bb5+ Kd8 27. Qd6+ 1-0


[Site "https://www.chess.com"]

[Event "Titled Tuesday Blitz April 26 Late 2022"]
[White "Stevens, Christian"]
[Black "Balint, Vilmos"]
[WhiteFideId "2604450"]
[BlackFideId "718050"]
[WhiteElo "2543"]
[BlackElo "2059"]
[Result "1/2-1/2"]
[Round "02"]
[TimeControl "180+1"]
[Date "2022.04.26"]
[WhiteClock "0:00:05"]
[BlackClock "0:01:21"]

1. Nf3 f5 2. d3 Nf6 3. Nbd2 d6 4. e4 e5 5. g3 g6 6. Bg2 Bg7 7. O-O O-O 8. c3 f4 9. d4 fxg3 10. hxg3 Ng4 11. dxe5 dxe5 12. Nc4 Qxd1 13. Rxd1 Be6 14. Ne3 Nd7 15. Ng5 Nc5 16. Nxe6 Nxe3 17. Bxe3 Nxe6 18. Bh3 Rae8 19. Rd7 Rf7 20. Rad1 Nf8 21. Rxf7 Kxf7 22. Bf1 b6 23. Bc4+ Ke7 24. Kg2 Bf6 25. f4 Rd8 26. Rxd8 Kxd8 27. Kf3 Ke7 28. b4 exf4 29. gxf4 Bxc3 30. b5 Ne6 31. e5 Ng7 32. Ke4 Nf5 33. Bf2 Kd7 34. Bg8 h5 35. Bf7 Ne7 36. Bh4 Bb4 37. Bxe7 Bxe7 38. Bxg6 h4 39. f5 c6 40. f6 Bd8 41. bxc6+ Kxc6 42. Kf5 h3 43. Bh5 h2 44. Bf3+ Kd7 45. e6+ Kd6 46. e7 Bxe7 47. fxe7 Kxe7 48. Ke5 Kd7 49. Kd5 Kc7 50. Kc4 a6 51. Kd5 Kd7 52. Ke5 Kc7 53. Ke6 b5 54. Kd5 Kb6 55. Kd4 Ka5 56. Kc3 Ka4 57. Kb2 Kb4 58. Bh1 a5 59. Kc2 a4 60. Kb2 Kc4 61. Ka3 Kc3 62. Bc6 Kc4 63. Bh1 Kc5 64. Kb2 Kb4 65. Kc2 Ka3 66. Kb1 b4 67. Bc6 b3 68. axb3 h1=Q+ 69. Bxh1 Kxb3 70. Ka1 Kb4 71. Kb1 a3 72. Ka2 Kc3 73. Ka1 a2 74. Kxa2 1/2-1/2


[Site "https://www.chess.com"]

[Event "Titled Tuesday Blitz April 26 Late 2022"]
[White "Svane, Rasmus"]
[Black "Rastbod, Ali"]
[WhiteFideId "4657101"]
[BlackFideId "12567477"]
[WhiteElo "2645"]
[BlackElo "2147"]
[Result "1-0"]
[Round "02"]
[TimeControl "180+1"]
[Date "2022.04.26"]
[WhiteClock "0:01:24"]
[BlackClock "0:01:16"]

1. Nf3 g6 2. e4 Bg7 3. d4 d6 4. c3 Nc6 5. Bb5 Bd7 6. O-O e5 7. h3 h6 8. Re1 Nge7 9. dxe5 Nxe5 10. Nxe5 Bxb5 11. Nxf7 Kxf7 12. Qb3+ d5 13. Qxb5 dxe4 14. Qxb7 c6 15. Qb3+ Qd5 16. Rxe4 Rab8 17. Qxd5+ cxd5 18. Rf4+ Ke6 19. Nd2 g5 20. Ra4 d4 21. cxd4 Rhc8 22. Nb3 Rc2 23. Ra6+ Rb6 24. Rxa7 Bf6 25. Nc5+ Kf5 26. Ra5 Bxd4 27. Nb3+ Be5 28. Nd4+ 1-0


[Site "https://www.chess.com"]

[Event "Titled Tuesday Blitz April 26 Late 2022"]
[White "Szalay, Karoly"]
[Black "Harish, Neeraj"]
[WhiteFideId "2600544"]
[BlackFideId "30958130"]
[WhiteElo "2431"]
[BlackElo "1574"]
[Result "1-0"]
[Round "02"]
[TimeControl "180+1"]
[Date "2022.04.26"]
[WhiteClock "0:02:00"]
[BlackClock "0:00:19"]

1. e4 c5 2. Nf3 d6 3. d4 cxd4 4. Nxd4 Nf6 5. Nc3 g6 6. Bc4 Bg7 7. Be3 O-O 8. f3 Nc6 9. Qd2 Bd7 10. O-O-O Rc8 11. Bb3 Nxd4 12. Bxd4 b5 13. Bxa7 b4 14. Nd5 Nxd5 15. exd5 Qa5 16. Bd4 Ba4 17. Qe3 Bxb3 18. Qxb3 Bh6+ 19. Kb1 Ra8 20. h4 Rfc8 21. h5 g5 22. Rhe1 Bf8 23. g4 h6 24. Re4 Ra6 25. c3 bxc3 26. Bxc3 Rxc3 27. bxc3 Rb6 28. Rb4 1-0


[Site "https://www.chess.com"]

[Event "Titled Tuesday Blitz April 26 Late 2022"]
[White "Taichman, Ori"]
[Black "Safarli, Eltaj"]
[WhiteFideId "2804069"]
[BlackFideId "13402129"]
[WhiteElo "2227"]
[BlackElo "2634"]
[Result "1-0"]
[Round "02"]
[TimeControl "180+1"]
[Date "2022.04.26"]
[WhiteClock "0:00:14"]
[BlackClock "0:00:06"]

1. e4 e5 2. d4 exd4 3. Qxd4 Nc6 4. Qe3 b6 5. Nc3 Bc5 6. Qg3 Bd4 7. Nge2 Be5 8. f4 Bf6 9. h4 d6 10. h5 Nh6 11. Bd2 O-O 12. O-O-O Bg4 13. Nd5 Be7 14. Qc3 Bd7 15. g4 f6 16. Rg1 Nf7 17. Ng3 Re8 18. h6 Nxh6 19. g5 fxg5 20. Nh5 Bf8 21. fxg5 Ng4 22. Rxg4 Bxg4 23. Nhf6+ Kh8 24. Nxg4 Ne5 25. Nxe5 Rxe5 26. Bd3 c6 27. Qxc6 Rc8 28. Qb7 Be7 29. Bc3 Bxg5+ 30. Kb1 Rb8 31. Qxa7 Ra8 32. Qxb6 Re8 33. Qd4 Bh6 34. Rg1 Rg8 35. a3 Qd7 36. e5 dxe5 37. Qe4 g6 38. Bxe5+ Bg7 39. Nf6 Qe6 40. Nxg8 Bxe5 41. Nh6 Rb8 42. Qxe5+ Qxe5 43. Nf7+ Kg7 44. Nxe5 Re8 45. Nxg6 hxg6 46. Rxg6+ Kf7 47. Rb6 Rd8 48. Rb3 Rc8 49. Ka2 Ke6 50. a4 Kd6 51. Ra3 Ra8 52. a5 Kc5 53. a6 Kb4 54. a7 Kc5 55. Be4 1-0


[Site "https://www.chess.com"]

[Event "Titled Tuesday Blitz April 26 Late 2022"]
[White "Tanenbaum, Zachary"]
[Black "Vachier-Lagrave, Maxime"]
[WhiteFideId "2060850"]
[BlackFideId "623539"]
[WhiteElo "2168"]
[BlackElo "2813"]
[Result "0-1"]
[Round "02"]
[TimeControl "180+1"]
[Date "2022.04.26"]
[WhiteClock "0:00:12"]
[BlackClock "0:01:14"]

1. e4 c6 2. d4 d5 3. exd5 cxd5 4. Bd3 Nc6 5. c3 Nf6 6. Bf4 Bg4 7. Qb3 Qb6 8. Nd2 e6 9. Ngf3 Nd7 10. O-O Be7 11. Qc2 Bh5 12. Rfe1 Rc8 13. Qb3 Bg6 14. Bxg6 hxg6 15. h3 Qa6 16. a4 O-O 17. Qb5 Qb6 18. Qxb6 Nxb6 19. Ne5 a5 20. Ndf3 Rfe8 21. Re2 Nxe5 22. Nxe5 g5 23. Bg3 f6 24. Nd3 Kf7 25. f3 Bf8 26. Kf2 Rc4 27. Rd2 Rxa4 28. Rxa4 Nxa4 29. Bc7 b6 30. Rd1 Rc8 31. Bg3 b5 32. Ra1 Be7 33. Ke2 Ra8 34. Be1 Nb6 35. Nc5 a4 36. Kd3 Rc8 37. Na6 Nc4 38. b3 axb3 39. Rb1 b2 40. Bd2 Ra8 41. Nc7 Ra1 42. Kc2 Na3+ 0-1


[Site "https://www.chess.com"]